Cogmind - Beta 10.2 @@@ ROGUE MODE // 2020.11.13 @ 12:53:38 // Halloween2020/ForbiddenLore Player: CreepyD Result: Core destroyed Performance ------------- Evolutions (3) 1500 Regions Visited (5) 1000 Robots Destroyed (89) 445 Value Destroyed (2629) 2629 Prototype IDs (6) 120 Alien Tech Used (0) 0 Bonus (501) 501 TOTAL SCORE: 6195 Bonus ------- High Alert Combat Kills 359 Follower Combat Kills 142 Cogmind --------- Core Integrity 0/700 Matter 300/300 Energy 100/100 System Corruption 3% Temperature Cool (0) Movement Core (50) Location -7/Lower Caves Parts ------- > --- POWER (2) -------- (None) > --- PROPULSION (3) --- (None) > --- UTILITY (4) ------ Transport Network Coupler Armor Integrity Analyzer > --- WEAPON (4) ------- (None) > --- INVENTORY (4) ---- Light Nuclear Core Improved Deuterium Engine Improved Heat Sink Peak State ------------ > --- POWER ------------ Improved Deuterium Engine Improved Deuterium Engine > --- PROPULSION ------- Light Treads Armored Treads Advanced Treads > --- UTILITY ---------- Improved Heat Sink Improved Heat Sink Transport Network Coupler Power Shielding > --- WEAPON ----------- Arc Projector Arc Projector Arc Projector Cooled Pulse Rifle > --- INVENTORY -------- Improved Deuterium Engine Improved Deuterium Engine Light Treads Arc Projector [Rating: 41] Favorites ----------- Power Improved Deuterium Engine Engine Improved Deuterium Engine Power Core Light Nuclear Core Propulsion Advanced Treads Treads Advanced Treads Wheel Wheel Utility Improved Heat Sink Device Improved Heat Sink Processor Transport Network Coupler Protection Power Shielding Weapon Advanced Beam Cannon Energy Gun Arc Projector Energy Cannon Advanced Beam Cannon Ballistic Gun Assault Rifle Ballistic Cannon Light Cannon Launcher Grenade Launcher Build | -11 -10 -9 -8 -7 -7 ------- Run | Scr Mat Mat Mat Fac Low Slots Evolved 6 | . . 2 2 2 . Power 1 | . . . . 1 . Propulsion 1 | . . . 1 . . Utility 2 | . . . 1 1 . Weapon 2 | . . 2 . . . Parts Attached 75 | 8 . 25 14 28 . Power 10 | 1 . 2 1 6 . Engine 7 | 1 . . 1 5 . Core 3 | . . 2 . 1 . Reactor . | . . . . . . Propulsion 12 | 3 . 4 3 2 . Treads 11 | 2 . 4 3 2 . Leg . | . . . . . . Wheel 1 | 1 . . . . . Hover . | . . . . . . Flight . | . . . . . . Utility 14 | 2 . 3 3 6 . Device 8 | 1 . 2 1 4 . Storage . | . . . . . . Processor 3 | 1 . 1 . 1 . Hackware . | . . . . . . Protection 3 | . . . 2 1 . Artifact . | . . . . . . Weapon 39 | 2 . 16 7 14 . Energy Gun 20 | . . 4 3 13 . Energy Cannon 11 | . . 8 2 1 . Ballistic Gun 4 | 2 . . 2 . . Ballistic Cannon 2 | . . 2 . . . Launcher 2 | . . 2 . . . Special Weapon . | . . . . . . Impact Weapon . | . . . . . . Slashing Weapon . | . . . . . . Piercing Weapon . | . . . . . . Special Melee Weapon . | . . . . . . Unidentified Prototypes 6 | . . 3 2 1 . Parts Lost 23 | . . 4 4 14 1 Power 2 | . . . . 2 . Propulsion 4 | . . . 1 3 . Utility 5 | . . 2 . 2 1 Weapon 12 | . . 2 3 7 . Highest Loss Streak 8 | . . 4 2 7 8 Average Slot Usage (%) 92 | . 100 93 90 93 19 Engine 9 | . 14 4 1 14 . Core 3 | . . 6 7 . . Treads 21 | . 28 21 22 21 . Device 14 | . 14 13 12 15 3 Processor 7 | . 14 6 9 7 15 Protection 3 | . . . 4 4 . Energy Gun 15 | . . 3 10 26 . Energy Cannon 12 | . . 30 20 . . Ballistic Gun 2 | . 28 1 1 . . Naked Turns . | . . . . . . Heaviest Build 45 | 10 10 27 26 45 1 Greatest Support 66 | 40 40 44 66 62 3 Greatest Overweight (x) 9 | . . 1 . 9 . Average Overweight (x) . | . . . . . . Largest Inventory Capacity 4 | 4 4 4 4 4 4 Average Capacity 4 | 4 4 4 4 4 4 Most Carried 4 | 3 . 4 4 4 3 Average Carried 2 | . . 2 2 3 3 Final Capacity 4 | 4 4 4 4 4 4 Final Carried 4 | . . 4 4 3 3 Class Distribution -------------------- 21% | Tank 18% | Scavenger-Tank 18% | Scavenger-Skirmisher 15% | Mutant 14% | Skirmisher 6% | Scavenger-Mutant 4% | Gunner Dominant Class ---------------- Mutant | -10/Materials Skirmisher | -9/Materials Tank | -8/Materials Scavenger-Tank | -7/Factory Mutant | -7/Lower Caves Resources | -11 -10 -9 -8 -7 -7 ----------- Run | Scr Mat Mat Mat Fac Low Matter Collected 1241 | 399 29 379 183 251 . Remotely . | . . . . . . Salvage Created 3267 | 297 36 842 597 1465 30 Parts 192 | 19 4 45 34 87 3 Haulers Intercepted 7 | . . 3 3 1 . Recyclers Shooed 2 | 1 . . . 1 . Parts Field Recycled . | . . . . . . Retrieved Matter . | . . . . . . Parts Self-Destructed 2 | . . . . . 2 Prevented . | . . . . . . Kills | -11 -10 -9 -8 -7 -7 ------- Run | Scr Mat Mat Mat Fac Low Combat Hostiles Destroyed 54 | . 1 16 11 25 1 Melee 9 | . . 4 2 2 1 Guns 15 | . 1 . 2 12 . Cannons 15 | . . 10 5 . . AOE 13 | . . 2 1 10 . Classes Destroyed 15 | 3 1 7 1 3 . Worker 7 | 2 . . . 5 . Builder 2 | . . 1 . 1 . Tunneler 9 | 8 1 . . . . Hauler 7 | . . 3 3 1 . Recycler 3 | 1 . . . 2 . Operator 2 | . . 1 1 . . Watcher 5 | . . 4 . 1 . Swarmer 9 | . 1 . 3 4 1 Grunt 32 | . . 14 4 14 . Brawler 2 | . . . . 2 . Duelist 2 | . . 1 . 1 . Sentry 5 | . . 1 3 1 . Specialist 1 | . . . . 1 . Hunter 1 | . . . 1 . . Programmer 2 | . . . . 2 . Best Kill Streak 7 | 3 1 7 3 5 1 Combat Bots Only 5 | . 1 5 3 4 1 Max Kills in Single Turn 4 | 1 1 3 2 4 1 Gunslinging . | . . . . . . Exploded 4 | . . 1 1 4 . Melee 1 | . . 1 1 1 1 Uniques/NPCs Destroyed . | . . . . . . Combat | -11 -10 -9 -8 -7 -7 -------- Run | Scr Mat Mat Mat Fac Low Damage Taken 3789 | . 42 515 586 2232 414 Core 851 | . 16 57 76 339 363 Absorbed by Shields . | . . . . . . Core Remaining (%) 91 | 100 93 85 86 . . Volleys Fired 149 | 21 5 31 26 66 . Largest 4 | 2 2 4 4 4 . Hottest 272 | 40 40 272 260 225 . Shots Fired 451 | 42 10 104 93 202 . Gun 286 | 42 10 8 32 194 . Cannon 157 | . . 88 61 8 . Launcher 8 | . . 8 . . . Special . | . . . . . . Kinetic 62 | 42 10 10 . . . Thermal 199 | . . 86 78 35 . Explosive 8 | . . 8 . . . Electromagnetic 182 | . . . 15 167 . Robot Hit Streak 19 | 7 8 16 16 19 . Robot Miss Streak 3 | 1 1 3 3 3 . Penetration Max . | . . . . . . Secondary Targets 4 | . . . . 4 . Max Gunslinging Chain 1 | . . . . 1 . Shots Hit Robots 311 | 30 5 56 61 159 . Core Hits 133 | 12 2 26 20 64 9 Critical Hits 12 | . . 8 2 2 . Critical Kills 4 | . . 2 1 1 . Critical Parts Destroyed 8 | . . 6 1 1 . Melee Attacks . | . . . . . . Impact . | . . . . . . Slashing . | . . . . . . Piercing . | . . . . . . Sneak Attacks . | . . . . . . Combat Hostiles . | . . . . . . Follow-up Attacks . | . . . . . . Damage Inflicted 6915 | 359 48 1346 1204 3894 64 Guns 2843 | 359 48 48 393 1995 . Cannons 1663 | . . 890 673 100 . Explosions 2156 | . . 386 83 1687 . Melee . | . . . . . . Ramming 253 | . . 22 55 112 64 Kinetic 459 | 359 48 52 . . . Thermal 3782 | . . 886 905 1991 . Explosive 678 | . . 386 . 292 . Electromagnetic 1743 | . . . 244 1499 . Impact . | . . . . . . Slashing . | . . . . . . Piercing . | . . . . . . Highest Corruption 3 | . . . . 3 3 Average Corruption 2 | . . . . 2 3 Corruption Purged . | . . . . . . Effects 13 | . . . . 13 . Message Errors 5 | . . . . 5 . Heat Flow Errors 2 | . . . . 2 . Energy Discharges 2 | . . . . 2 . Targeting Errors 4 | . . . . 4 . Overload Shots 1 | . . . . 1 . Overflow Damage 208 | . . 16 . 192 . Projectiles . | . . . . . . Explosions 208 | . . 16 . 192 . Melee . | . . . . . . Knockbacks . | . . . . . . Impact . | . . . . . . Kinetic . | . . . . . . Secondary . | . . . . . . Self-Inflicted Damage 119 | . . . . 92 27 Shots 2 | . . . . 2 . Rammed 63 | . . 9 17 19 18 Targets Rammed 74 | . . 13 19 24 18 Kicked . | . . . . . . Crushed 11 | . . 4 2 5 . Highest Temperature 757 | . . 757 501 483 . Average Temperature 156 | . . 182 148 132 . Received Heat Transfer 1185 | . . 267 108 810 . Effects 32 | . . 19 2 11 . Shutdowns 7 | . . 4 1 2 . Energy Bleed 4 | . . 4 . . . Interference 9 | . . . . 9 . Matter Decay 2 | . . 1 1 . . Short Circuit 1 | . . 1 . . . Damage (minor) 2 | . . 2 . . . Damage (major) 7 | . . 7 . . . Siege Activations . | . . . . . . Robots Corrupted 2 | . . . . 2 . Combat Hostiles 1 | . . . . 1 . Parts Fried 8 | . . . . 8 . Impact Corruptions . | . . . . . . Robots Melted 1 | . . . 1 . . Combat Hostiles 1 | . . . 1 . . Parts Melted 13 | . . 5 7 1 . Heat Transferred 5507 | . . 1628 1728 2151 . Parts Sabotaged . | . . . . . . Parts Stolen . | . . . . . . Parts Stripped . | . . . . . . Power Chain Reactions 9 | . . . 1 8 . Missiles Intercepted . | . . . . . . Alert | -11 -10 -9 -8 -7 -7 ------- Run | Scr Mat Mat Mat Fac Low Peak Influence 1041 | 55 100 325 386 1041 . Initial 117 | . 35 42 117 113 . Average 380 | 26 48 183 242 654 . Maximum Alert Level 3 | . . 1 1 3 . Low Security (%) 32 | 100 100 49 24 4 . Level 1 35 | . . 50 75 21 . Level 2 7 | . . . . 17 . Level 3 24 | . . . . 56 . Level 4 . | . . . . . . Level 5 . | . . . . . . High Security . | . . . . . . Max Security . | . . . . . . Squads Dispatched 16 | . . 4 2 10 . Investigation 5 | . . 2 . 3 . Extermination 2 | . . . . 2 . Reinforcement 5 | . . 2 1 2 . Assault 3 | . . . . 3 . Garrison 1 | . . . 1 . . Intercept . | . . . . . . Construction Impeded . | . . . . . . Haulers Reinforced 2 | . . . . 2 . Stealth | -11 -10 -9 -8 -7 -7 --------- Run | Scr Mat Mat Mat Fac Low Distress Signals 5 | . . 4 1 . . Communications Jammed . | . . . . . . Distress Signals . | . . . . . . Times Spotted 101 | . 4 31 16 47 3 Peak Tracking Total 6 | . 4 5 4 6 3 Tactical Retreats 10 | . 1 2 1 6 . Traps | -11 -10 -9 -8 -7 -7 ------- Run | Scr Mat Mat Mat Fac Low Traps Triggered 3 | . . 2 . 1 . Indirectly . | . . . . . . Trap Hack Attempts . | . . . . . . Triggered . | . . . . . . Disarmed . | . . . . . . Reprogrammed . | . . . . . . Reused . | . . . . . . Traps Extracted . | . . . . . . Installed . | . . . . . . Triggered . | . . . . . . Machines | -11 -10 -9 -8 -7 -7 ---------- Run | Scr Mat Mat Mat Fac Low Machines Disabled 10 | . . 3 . 7 . Max in Single Turn 3 | . . 1 . 3 . Garrison Access 1 | . . . . 1 . Machines Sabotaged . | . . . . . . Garrisons Compromised . | . . . . . . Overloaded Fab Kills . | . . . . . . Fab Network Shutdowns . | . . . . . . Hacking | -11 -10 -9 -8 -7 -7 --------- Run | Scr Mat Mat Mat Fac Low Machines Accessed 10 | . . 4 . 6 . Terminals 5 | . . 3 . 2 . Fabricators 1 | . . . . 1 . Repair Stations 1 | . . . . 1 . Recycling Units . | . . . . . . Scanalyzers 2 | . . 1 . 1 . Garrison Access 1 | . . . . 1 . Total Hacks 24 | . . 10 . 14 . Successful 12 | . . 6 . 6 . Failed 12 | . . 4 . 8 . Catastrophic 7 | . . 2 . 5 . Database Lockouts . | . . . . . . Manual 4 | . . 3 . 1 . Terminals 11 | . . 8 . 3 . Fabricators 2 | . . . . 2 . Repair Stations 4 | . . . . 4 . Recycling Units . | . . . . . . Scanalyzers 5 | . . 2 . 3 . Garrison Access 2 | . . . . 2 . Terminal Hacks 4 | . . 4 . . . Record 1 | . . 1 . . . Branch Access Points 1 | . . 1 . . . Unreport Threat 1 | . . 1 . . . Hauler Manifests 1 | . . 1 . . . Fabricator Hacks 1 | . . . . 1 . Build 1 | . . . . 1 . Repair Station Hacks 4 | . . . . 4 . Scan Component 2 | . . . . 2 . Repair 2 | . . . . 2 . Recycling Unit Hacks . | . . . . . . Scanalyzer 3 | . . 2 . 1 . Insert Component 2 | . . 1 . 1 . Analyze 1 | . . 1 . . . Garrison Access Hacks . | . . . . . . Unauthorized Hacks . | . . . . . . Terminals . | . . . . . . Fabricators . | . . . . . . Repair Stations . | . . . . . . Recycling Units . | . . . . . . Scanalyzers . | . . . . . . Garrison Access . | . . . . . . Data Cores Recovered . | . . . . . . Used . | . . . . . . Hacking Detections 9 | . . 4 . 5 . Full Trace Events 5 | . . 2 . 3 . Feedback Events . | . . . . . . Feedback Blocked . | . . . . . . Robot Schematics Acquired . | . . . . . . Robots Built 4 | . . . . 4 . Matter 252 | . . . . 252 . Time 134 | . . . . 134 . Total Robot Build Rating 16 | . . . . 16 . Part Schematics Acquired 1 | . . 1 . . . Parts Built . | . . . . . . Matter . | . . . . . . Time . | . . . . . . Total Part Build Rating . | . . . . . . Parts Repaired 2 | . . . . 2 . Time 82 | . . . . 82 . Parts Recycled . | . . . . . . Recycled Matter . | . . . . . . Retrieved Matter . | . . . . . . Retrieved Components . | . . . . . . Parts Scanalyzed 2 | . . 1 . 1 . Part Schematics Acquired 1 | . . 1 . . . Parts Damaged . | . . . . . . Bothacking | -11 -10 -9 -8 -7 -7 ------------ Run | Scr Mat Mat Mat Fac Low Used RIF Installer . | . . . . . . Robots Hacked . | . . . . . . Non-combat . | . . . . . . Combat . | . . . . . . Robot Hacks Applied . | . . . . . . Relay Couplers Released . | . . . . . . Robots Rewired . | . . . . . . Allies Hacked . | . . . . . . Hacks Repelled . | . . . . . . Allies | -11 -10 -9 -8 -7 -7 -------- Run | Scr Mat Mat Mat Fac Low Total Allies 4 | . . . . 4 . Largest Group 4 | . . . . 4 . Highest-Rated Group 48 | . . . . 48 . Highest-Rated Ally 12 | . . . . 12 . Total Orders . | . . . . . . Ally Attacks 71 | . . . . 71 . Total Damage 848 | . . . . 848 . Kills 7 | . . . . 7 . Allies Corrupted . | . . . . . . Allies Melted . | . . . . . . Intel | -11 -10 -9 -8 -7 -7 ------- Run | Scr Mat Mat Mat Fac Low Robot Analysis Total . | . . . . . . Derelict Logs Recovered . | . . . . . . Drone Launches . | . . . . . . Drone Recoveries . | . . . . . . Exploration | -11 -10 -9 -8 -7 -7 ------------- Run | Scr Mat Mat Mat Fac Low Turns Passed 2842 | 258 128 684 511 1242 19 Spaces Moved 1156 | 89 67 296 181 521 2 Core 16 | 4 . . . 10 2 Treads 1139 | 84 67 296 181 511 . Legs . | . . . . . . Wheels 1 | 1 . . . . . Hover . | . . . . . . Flight . | . . . . . . Fastest Speed 50 | 50 160 145 145 50 50 Average Speed 152 | 154 160 148 147 155 50 Slowest Speed 500 | 160 160 165 155 500 50 Overloaded Moves . | . . . . . . Propulsion Burnouts . | . . . . . . Robots Hopped . | . . . . . . Cave-ins Triggered . | . . . . . . Exploration Rate (%) 18 | 5 21 39 19 22 4 Regions Visited 5 Branch Regions 1 Pre-discovered Areas . | . . . . . . Known Exits Taken . | . . . . . . Unknown Exits Taken 5 | 1 1 1 1 1 . Scrap Searched . | . . . . . . Spaces Dug . | . . . . . . Terrain Destroyed 115 | . . 31 7 77 . Melee . | . . . . . . Projectile . | . . . . . . AOE 115 | . . 31 7 77 . Terrain Rammed . | . . . . . . Walls Destroyed . | . . . . . . Machines Disabled . | . . . . . . Actions | -11 -10 -9 -8 -7 -7 --------- Run | Scr Mat Mat Mat Fac Low Total 1886 | 168 78 467 354 800 19 Wait 344 | 42 7 62 101 132 . Move 1151 | 88 66 295 180 520 2 Hop . | . . . . . . Pick Up 51 | 8 . 25 7 11 . Fast Attach 21 | . . 3 7 11 . Attach 37 | 8 . 16 6 7 . Detach 1 | . . 1 . . . Swap 17 | . . 6 1 10 . Drop 42 | 1 . 15 7 19 . Fire 149 | 21 5 31 26 66 . Melee . | . . . . . . Ram 17 | . . . . . 17 Kick . | . . . . . . Crush 56 | . . 13 19 24 . Escape Stasis . | . . . . . . Rewire . | . . . . . . Trap . | . . . . . . Miscellaneous . | . . . . . . Route ------- -11/Scrapyard -10/Materials -9/Materials (discovered 3 exits: [*Mat] / Min / Sto) -8/Materials -7/Factory -7/Lower Caves History --------- Turn | Location | Event 20 | -11/Scrapyard | Discovered new exit (range 16) 259 | -11/Scrapyard | Entered Materials 301 | -10/Materials | Build established: Mutant 370 | -10/Materials | Discovered new exit (range 11) 387 | -10/Materials | Entered another Materials area 387 | -9/Materials | Evolved 2 slots: Weapon x2 791 | -9/Materials | Lost 4 parts (2u2w) 824 | -9/Materials | Identified exit to Mines 824 | -9/Materials | Identified exit to Storage 1034 | -9/Materials | Discovered new exit (range 15) 1071 | -9/Materials | Entered another Materials area 1071 | -8/Materials | Evolved 2 slots: Propulsion x1, Utility x1 1412 | -8/Materials | Garrison activated, responded to threat 1517 | -8/Materials | Discovered new exit (range 7) 1582 | -8/Materials | Entered Factory 1582 | -7/Factory | Evolved 2 slots: Power x1, Utility x1 1690 | -7/Factory | Build established: Scavenger-Skirmisher 2010 | -7/Factory | Fabricated S-27 Virus? 2191 | -7/Factory | Repaired Adv. Treads 2212 | -7/Factory | Build established: Scavenger-Tank 2237 | -7/Factory | Repaired Imp. Deuterium Engine 2382 | -7/Factory | First assault squad dispatched 2702 | -7/Factory | Lost 6 parts (1n5w) 2781 | -7/Factory | Discovered new exit (range 12) 2824 | -7/Factory | Entered Lower Caves 2826 | -7/Lower Caves | Core integrity fell below 50% 2835 | -7/Lower Caves | Core integrity fell below 20% 2843 | -7/Lower Caves | Core destroyed Last Messages --------------- 02819_ Imp. Deuterium Engine destroyed. 02823_ R-06 Scavenger collects Lgt. Nuclear Core. 02824_ Imp. Cooling System destroyed. LOCATION=UNKNOWN GOAL=ESCAPE 02825_ Slammed into S-27 Virus. 02826_ Destabilizing: System interference. 02826_ Armor Integrity Analyzer temporarily disabled. 02827_ Slammed into S-27 Virus. 02830_ Imp. Heat Sink destroyed. 02831_ Slammed into S-27 Virus. 02833_ S-27 Virus destroyed. 02834_ Slammed into S-27 Virus. 02838_ Destabilizing: Core damaged (-28). 02839_ Slammed into S-27 Virus. 02840_ VTOL Module fries itself beyond repair. 02840_ Slammed into S-27 Virus. 02842_ VTOL Module fries itself beyond repair. 02842_ Slammed into S-27 Virus. 02843_ Destabilizing: Core damaged (-7). Map ----- +----------------------------------------------------+ | ???????????????????????????????????????????? | | ???????????????????????????????????????????? | | ???????????????????????????????????????????? | | ???????????????????????????????????????????? | | ???????????????????????????????????????????? | | ???????????????????????????????????????????? | | ???????????????????????????????????????????? | | ???????????????????????????????????????????? | | ?????????????????????? ????????????????????? | | ?????????????????????? ????????????????????? | | ???????????????? ??? ????????????????????? | | ???????????????? " ????????????????????? | | ????????????????" " ???##???????????????? | | ????????????????" """ ### #???????????????? | | ????????????? ? " #???????????????? | | ?????????????""""" ##??????????????? | | ???????????? " " #??????????????? | | ???????????? " #??????????????? | | ???????????? ???????????????? | | ???????????""" " # ????????????????? | | ?????????? " "" # #????????????????? | | ???????? " " # #????????????????? | | ??????? " % # #????????????????? | | ??????? % %%s%##???????????????? | | ??????? %[%%%%%##??????????????? | | ??????????## #######%s@ #??????????????? | | ???????????#??????????#% % #??????????????? | | ??????????????????????## #??????????????? | | ???????????????????????## #??????????????? | | ????????????????????????# ###??????????????? | | ???????????????????????? #????????????????? | | ???????????????????????? #????????????????? | | ???????????????????????####????????????????? | | ???????????????????????????????????????????? | | ???????????????????????????????????????????? | | ???????????????????????????????????????????? | | ???????????????????????????????????????????? | | ???????????????????????????????????????????? | | ???????????????????????????????????????????? | | ???????????????????????????????????????????? | | ???????????????????????????????????????????? | | ???????????????????????????????????????????? | | ???????????????????????????????????????????? | | ???????????????????????????????????????????? | | ???????????????????????????????????????????? | | ???????????????????????????????????????????? | | ???????????????????????????????????????????? | | ???????????????????????????????????????????? | | ???????????????????????????????????????????? | | ???????????????????????????????????????????? | +----------------------------------------------------+ Best States ------------- Heat Dissipation 75 Energy Generation 27 Energy Capacity 480 Matter Stores 300 Matter Capacity 300 Sight Range 16 Terrain Scan Range 16 Terrain Scan Density 60 Armor Coverage 150 Power Shielding 33 Evasion (%) 40 Armor Integrity Analysis 33 Recoil Reduction 3 Item Schematics ----------------- Adv. Beam Cannon | -9/Materials | Scanalyzed Robot Schematics ------------------ None Fabricated ------------ S-27 Virus | x4 | -7/Factory | Preloaded Alien Tech Used ----------------- None Achievements -------------- None Challenges ------------ None Game ------ Seed ThrusterMiningSegregator Manual? 0 Play Time 00:38:23 Cumulative 70.8 hours Start 2020.11.13 @ 12:13:24 End 2020.11.13 @ 12:53:38 Sessions 1 Manual Loads 0 Difficulty Rogue Special Mode Halloween2020/ForbiddenLore Game No. 68 Rogue 67 Adventurer 1 Explorer 0 Win Type - Total 1 Types 1/0/0/0/0/0/0/0/0 Lore% 32 Gallery% 54 Achievement% 40 Wizard Run 0 Options --------- ASCII 0 Keyboard 0 Movement Mouse Keybinds 0 Fullscreen 0 Font 16/SmallcapsGlow Map View 76x50 Tactical HUD 1 Map Filters NONE Filters NONE Steam X RUN: 5558599c-f430-45ee-9d97-7130f1a0ee3e